 Dungeon Crawl Stone Soup version 0.29.1-1-gd02db6906a (webtiles) character file.

Game seed: 2299931552248296382

73 mtoz the Prestidigitator (level 4, 0/34 HPs)
             Began as a Gnoll Wanderer on Sept 20, 2022.
             Was a Follower of Cheibriados.
             Killed from afar by Natasha (8 damage)
             ... with a magic dart
             ... on level 2 of the Dungeon.
             The game lasted 00:11:45 (2640 turns).

mtoz the Prestidigitator (Gnoll Wanderer)           Turns: 2640, Time: 00:11:46

Health: 0/34       AC:  6    Str: 21    XL:     4   Next: 27%
Magic:  8/8        EV: 11    Int: 13    God:    Cheibriados [*.....]
Gold:   60         SH:  0    Dex: 11    Spells: 8/9 levels left

rFire   . . .      SeeInvis .   o - +0 whip (freeze)
rCold   . . .      Faith    .   (no shield)
rNeg    . . .      Spirit   .   i - +0 ring mail
rPois   .          Reflect  .   (no helmet)
rElec   .          Harm     .   n - +0 cloak
rCorr   .          Rampage  .   (no gloves)
Will    .....                   (no boots)
Stlth   +.........              (no amulet)
HPRegen 0.11/turn               (no ring)
MPRegen 0.11/turn               (no ring)

@: very slow
A: fangs 1, strong nose, distributed training
a: Renounce Religion, Bend Time


You were on level 2 of the Dungeon.
You worshipped Cheibriados.
Cheibriados was aware of your devotion.
You visited 1 branch of the dungeon, and saw 2 of its levels.

You collected 60 gold pieces.

Inventory:

Hand Weapons
 o - a +0 whip of freezing (weapon)
 s - a +0 spear
Missiles
 t - 4 stones (quivered)
Armour
 d - a +0 leather armour
 i - a +0 ring mail (worn)
 n - a +0 cloak (worn)
Magical Staves
 a - a staff of air
 k - a staff of conjuration
Wands
 e - a wand of iceblast (1)
Scrolls
 b - a scroll of butterflies
 f - a scroll of fear {unknown}
 g - a scroll of noise {unknown}
 l - 2 scrolls of identify {unknown}
 m - a scroll of acquirement {unknown}
 q - a scroll of blinking {unknown}
Potions
 h - a potion of cancellation {unknown}
 j - a potion of lignification {unknown}
 p - a potion of heal wounds {unknown}
 r - a potion of mutation {unknown}


   Skills:
 + Level 2.7 Fighting
 + Level 1.1 Short Blades
 + Level 1.1 Long Blades
 + Level 1.1 Axes
 + Level 1.1 Maces & Flails
 + Level 1.1 Polearms
 + Level 1.1 Staves
 + Level 1.1 Ranged Weapons
 + Level 2.7 Throwing
 + Level 1.1 Armour
 + Level 1.1 Dodging
 + Level 1.1 Stealth
 + Level 1.1 Shields
 + Level 1.1 Unarmed Combat
 + Level 3.0 Spellcasting
 + Level 0.9 Conjurations
 + Level 0.9 Hexes
 + Level 5.4 Summonings
 + Level 0.9 Necromancy
 + Level 0.9 Translocations
 + Level 0.9 Transmutations
 + Level 0.9 Fire Magic
 + Level 0.9 Ice Magic
 + Level 0.9 Air Magic
 + Level 0.9 Earth Magic
 + Level 0.9 Poison Magic
 + Level 1.2 Invocations
 + Level 8.5 Evocations


You had 8 spell levels left.
You knew the following spells:

 Your Spells              Type           Power      Damage    Failure   Level
a - Summon Small Mammal   Summ           64%        N/A       4%          1

Your spell library contained the following spells:

 Spells                   Type           Power      Damage    Failure   Level
 Freeze                   Ice            16%        1d4       26%         1
 Summon Guardian Golem    Hex/Summ       10%        N/A       30%         3
 Frozen Ramparts          Ice            8%         1d2       61%         3
 Hailstorm                Conj/Ice       4%         3d4       95%         4
 Passage of Golubria      Tloc           4%         N/A       95%         4
 Silence                  Hex/Air        2%         N/A       100%        5
 Lehudib's Crystal Spear  Conj/Erth      2%         10d2      100%        8


Dungeon Overview and Level Annotations

Branches:
Dungeon (2/15)

Altars:
Cheibriados

Annotations:
D:2 Natasha


Innate Abilities, Weirdness & Mutations

You have very sharp teeth.
Your uncanny sense of smell can sniff out nearby items.
Your experience applies equally to all skills.


Message History

Natasha is nearby!
Natasha hisses angrily.
Natasha mumbles some strange words.
You feel disoriented.
Natasha casts a spell.
Natasha wildly gestures.
Natasha's front paws start to glow.
Natasha claws you.
You are too injured to fight recklessly!
You completely miss Natasha. Your bite misses Natasha.
Natasha is heavily wounded.
Natasha claws you but does no damage.
You closely miss Natasha. You bite Natasha, but do no damage.
Natasha is heavily wounded.
Natasha claws you but does no damage.
You miss Natasha.
Natasha is heavily wounded.
Natasha claws you.
You barely miss Natasha.
Natasha is heavily wounded.
Natasha claws you.
You hit Natasha but do no damage.
Natasha is heavily wounded.
Natasha claws you.
You closely miss Natasha.
Natasha is heavily wounded.
Natasha closely misses you.
You closely miss Natasha.
Natasha is heavily wounded.
Natasha claws you.
* * * LOW HITPOINT WARNING * * *
You barely miss Natasha. Your punch misses Natasha.
Natasha is heavily wounded.
Natasha claws you but does no damage. The white imp spits at you.
You hit Natasha. You freeze Natasha. Your bite misses Natasha.
Natasha is severely wounded.
Natasha casts a spell at you. The magic dart hits you!
You die...

##+# #####.#### ###.###
#.# #........# #.....#
#.# #.###.##.# #.#....
##.## #.##..##.# #.#...#
##...## ####.##.###.# #
#...#
####.....####.##.##.###.#
#....
...............#...†....#
##..#
######.######.#####.#####
#..# ### #.5h@...# .....
######### ######


You could see Natasha and a white imp (summoned).

Vanquished Creatures
  3 adders (D:2)
  A worm (D:2)
  3 dart slugs (D:1)
  A ball python (D:2)
  5 endoplasms
  A giant cockroach (D:2)
  2 goblins (D:2)
  7 hobgoblins
  2 quokkas
  A bat (D:1)
  2 frilled lizards (D:2)
  7 kobolds
  2 rats (D:1)
37 creatures vanquished.

Vanquished Creatures (others)
  3 plants (D:1)
3 creatures vanquished.

Grand Total: 40 creatures vanquished

Notes
Turn   | Place    | Note
-------+----------+-------------------------------------------
     0 | D:1      | mtoz the Gnoll Wanderer began the quest for the Orb.
     0 | D:1      | mtoz set off with the following items: a +0 club, a scroll
                  | of butterflies, a scroll of teleportation, a +0 leather
                  | armour, a wand of iceblast (2); and the following spell
                  | memorised: Summon Small Mammal; and the following spells
                  | available to memorise: Summon Guardian Golem.
     0 | D:1      | Reached XP level 1. HP: 17/17 MP: 4/4
   113 | D:1      | Reached XP level 2. HP: 17/23 MP: 5/5
  1173 | D:1      | Found a faded altar of an unknown god.
  1263 | D:1      | Prayed at the altar of an unknown god.
  1263 | D:1      | Became a worshipper of Cheibriados the Contemplative
  1263 | D:1      | Reached * piety under Cheibriados
  1312 | D:2      | Reached XP level 3. HP: 28/28 MP: 7/7
  1417 | D:2      | Reached skill level 1 in Invocations
  1718 | D:2      | Reached skill level 1 in Short Blades
  1718 | D:2      | Reached skill level 1 in Long Blades
  1718 | D:2      | Reached skill level 1 in Axes
  1718 | D:2      | Reached skill level 1 in Maces & Flails
  1718 | D:2      | Reached skill level 1 in Polearms
  1718 | D:2      | Reached skill level 1 in Staves
  1718 | D:2      | Reached skill level 1 in Ranged Weapons
  1718 | D:2      | Reached skill level 1 in Armour
  1718 | D:2      | Reached skill level 1 in Dodging
  1718 | D:2      | Reached skill level 1 in Stealth
  1718 | D:2      | Reached skill level 1 in Shields
  1718 | D:2      | Reached skill level 1 in Unarmed Combat
  1847 | D:2      | Reached XP level 4. HP: 15/34 MP: 8/8
  2513 | D:2      | Noticed Natasha
  2640 | D:2      | Killed from afar by Natasha

Illustrated notes

Levels and vault maps discovered:
D:1:      minmay_arrival_five_plusses, layout_loops_ring,
          dilly_ecumenical_altar_fadedgnrine
D:2:      layout_loops_corners, uniq_natasha

Skill      XL: |  1  2  3  4 |
---------------+-------------+-----
Invocations    | 1 |  1.2
Short Blades   | 1 |  1.1
Long Blades    | 1 |  1.1
Axes           | 1 |  1.1
Maces & Flails | 1 |  1.1
Polearms       | 1 |  1.1
Staves         | 1 |  1.1
Ranged Weapons | 1 |  1.1
Armour         | 1 |  1.1
Dodging        | 1 |  1.1
Stealth        | 1 |  1.1
Shields        | 1 |  1.1
Unarmed Combat | 1 |  1.1
Spellcasting   | 3 |  3.0
Fighting       | |  2.7
Throwing       | |  2.7
Conjurations   | |  0.9
Hexes          | |  0.9
Summonings     | |  5.4
Necromancy     | |  0.9
Translocations | |  0.9
Transmutations | |  0.9
Fire Magic     | |  0.9
Ice Magic      | |  0.9
Air Magic      | |  0.9
Earth Magic    | |  0.9
Poison Magic   | |  0.9
Evocations     | |  8.5

Action                   |  1- 3 |  4- 6 || total
-------------------------+-------+-------++-------
Melee: Club              |    75 |       ||    75
       Bite              |    13 |     3 ||    16
       Whip              |    65 |    66 ||   131
       Punch             |     4 |       ||     4
Throw: Stone             |    11 |     3 ||    14
 Cast: Summon Small Mamm |     2 |       ||     2
Evoke: Wand              |     1 |       ||     1
  Use: Scroll            |       |     1 ||     1
Armor: Leather armour    |    31 |       ||    31
       Ring mail         |    18 |    24 ||    42
Dodge: Dodged            |    85 |    28 ||   113
